 Dungeon Crawl Stone Soup version 0.31-a0-986-g5e6e4ef867 (webtiles) character file.

Game seed: 12038453733316452530

404 Jeffwins the Changeling (level 6, -5/38 HPs)
             Began as a Draconian Shapeshifter on Nov 24, 2023.
             Was a Believer of Jiyva.
             Succumbed to a scorpion's poison
             ... on level 4 of the Dungeon.
             The game lasted 00:03:32 (2448 turns).

Jeffwins the Changeling (Draconian Shapeshifter)    Turns: 2448, Time: 00:03:32

Health: -5/38      AC: 10    Str: 25    XL:     6   Next: 56%
Magic:  9/9        EV: 11    Int: 10    God:    Jiyva [**....]
Gold:   176        SH:  0    Dex:  8    Spells: 7/9 levels left

rFire   . .          .
                       - Unarmed
rCold   . . .        (shield currently unavailable)
rNeg    . . .        (body armour unavailable)
rPois   .            (helmet restricted)
rElec   .            (no cloak)
rCorr   +            (no gloves)
SInv    .            (no boots)
Will    .....        (no amulet)
Stlth   +            O - +4 ring of protection
HPRegen 1.22/turn    (no ring)
MPRegen 0.41/turn

%: random rage (3%)
@: mighty, lethally poisoned (-5 -> -31), flux-form, glowing
A: glow, contaminating, reduced hp, AC +6, unfitting armour, cold-blooded,
berserk 1, strong 2
a: Begin Untransformation, Renounce Religion


You were on level 4 of the Dungeon.
You worshipped Jiyva.
Jiyva was pleased with you.
You were something dangerously unstable.
You visited 1 branch of the dungeon, and saw 4 of its levels.

You collected 176 gold pieces.


Innate Abilities, Weirdness & Mutations

You are something dangerously unstable.
You glow with magical radiation, making you easy to see and hit.
Foes you strike become dangerously contaminated with magical radiation.
Your maximum health is decreased, since you lack skill for your form.
You are incapable of wielding weapons or throwing items.
Your plain brown scales are hard. (AC +6)
You cannot fit into any form of body armour.
You are cold-blooded and may be slowed by cold attacks.
You sometimes lose your temper in combat.
Your muscles are very strong. (Str +8, Int/Dex -2)


   Skills:
 - Level 1.1 Fighting
 - Level 1.7 Dodging
 - Level 3.0 Unarmed Combat
 + Level 2.3 Spellcasting
 + Level 2.6 Translocations
 + Level 2.7 Evocations
 + Level 5.1 Shapeshifting


You had 7 spell levels left.
You knew the following spells:

 Your Spells              Type           Power      Damage    Failure   Level
I - Blink                 Tloc           12%        N/A       16%         2

Your spell library contained the following spells:

 Spells                   Type           Power      Damage    Failure   Level
 Lesser Beckoning         Tloc           12%        N/A       16%         2
 Momentum Strike          Conj/Tloc      6%         3d8       26%         2

Inventory:

Armour
 h - an orb of mayhem
Jewellery
 O - a +4 ring of protection (left hand)
 W - a ring of magical power
Talismans
 b - a beast talisman
 c - a flux talisman (active)
Wands
 j - a wand of mindburst (15)
Scrolls
 d - 2 scrolls of fear {unknown}
 f - a scroll of torment {unknown}
 l - a scroll of identify {unknown}
 n - a scroll of amnesia {unknown}
Potions
 e - a potion of enlightenment {unknown}
 m - a potion of curing {unknown}

Dungeon Overview and Level Annotations

Branches:
Dungeon (4/15)
 Temple: D:4-7

Altars:
Xom
Jiyva

Shops:
D:1

( .# ' .., #. .# #'
#.. ###.# ...
#..##...##..
##.........
......)sh# #....p†#
#.###...+ . #......#
. #.###..## .#
###...##.....###.#
#..J.....#.###......#
#........##.........#
#........#.###......#
........##..)..##..#


You could see a scorpion (heavy contam) and a jackal.


Message History

You kill the ogre!
You feel very sick.
The jackal bites you but does no damage.
The scorpion stings you.
You are more poisoned.
The scorpion poisons you! The jackal barely misses you.
You hit the scorpion but do no damage.
The scorpion glows dangerously bright.
The scorpion is moderately wounded.
* * * LOW HITPOINT WARNING * * *
You feel extremely sick. The scorpion stings you.
* * * LOW HITPOINT WARNING * * *
The jackal barely misses you.
It was a potion of mutation.
You feel extremely strange.
You feel a little pissed off.
You feel stronger. x2
* * * LOW HITPOINT WARNING * * *
You feel very sick. The scorpion stings you.
* * * LOW HITPOINT WARNING * * *
You are more poisoned.
The scorpion poisons you! The jackal closely misses you.
The scorpion stings you.
* * * LOW HITPOINT WARNING * * *
You are more poisoned.
The scorpion poisons you!
Unknown command.
Unknown command.
It was a potion of might.
You feel very mighty all of a sudden.
You die...

Skill      XL: |  1  2  3  4  5 |
---------------+----------------+-----
Shapeshifting  | 4 5 |  5.1
Evocations     | 1 2 |  2.7
Spellcasting   | 1 2 |  2.3
Translocations | 1 2 |  2.6
Fighting       | |  1.1
Dodging        | |  1.7
Unarmed Combat | |  3.0

Action                     |  1- 3 |  4- 6 || total
---------------------------+-------+-------++-------
  Melee: Unarmed           |   125 |   101 ||   226
         Tailslap          |    18 |     9 ||    27
         Punch             |     1 |       ||     1
    Use: Potion            |       |     4 ||     4
 Armour: Skin              |    40 |    84 ||   124
  Dodge: Dodged            |    91 |    70 ||   161
   Form: Flux              |     1 |       ||     1

Levels and vault maps discovered:
D:1:      sevenhm_arrival_forest_fort_small_4, layout_loops_ring, serial_shops,
          nicolae_shop_bloodbath_and_beyond
D:2:      layout_basic, serial_forest, infiniplex_forest_lined_4_way,
          infiniplex_forest_diagonal, infiniplex_forest_clump_curved,
          infiniplex_forest_clump_cross, infiniplex_forest_clump_tiny,
          hellmonk_ecumenical_altar_pennies_from_heaven
D:3:      layout_basic, uniq_ijyb
D:4:      layout_gridville, led_xom_imps, minmay_manual_maat

Notes
Turn   | Place    | Note
-------+----------+-------------------------------------------
     0 | D:1      | Jeffwins the Draconian Shapeshifter began the quest for the
                  | Orb.
     0 | D:1      | Reached XP level 1. HP: 16/16 MP: 1/1
   357 | D:1      | Reached XP level 2. HP: 19/23 MP: 2/2
   459 | D:1      | Found Feinus's Weapon Shoppe.
   707 | D:2      | You fall into a shaft and drop 1 floor!
   790 | D:3      | Noticed Ijyb
   807 | D:3      | Killed Ijyb
   808 | D:3      | Reached skill level 4 in Shapeshifting
   808 | D:3      | Reached XP level 3. HP: 12/28 MP: 3/3
  1027 | D:2      | Learned a level 2 spell: Blink
  1225 | D:2      | Found a faded altar of an unknown god.
  1278 | D:2      | Prayed at the altar of an unknown god.
  1278 | D:2      | Became a worshipper of Jiyva Jiynexaf the Shapeless
  1278 | D:2      | Reached * piety under Jiyva
  1574 | D:3      | Reached ** piety under Jiyva
  1617 | D:3      | Reached XP level 4. HP: 25/35 MP: 4/4
  2274 | D:4      | Reached skill level 1 in Evocations
  2313 | D:4      | Reached skill level 1 in Spellcasting
  2313 | D:4      | Reached skill level 1 in Translocations
  2322 | D:4      | Found a shimmering altar of Xom.
  2330 | D:4      | Reached XP level 5. HP: 30/40 MP: 6/6
  2347 | D:4      | Reached skill level 2 in Evocations
  2366 | D:4      | Noticed a water moccasin
  2367 | D:4      | Reached skill level 2 in Translocations
  2392 | D:4      | Killed a water moccasin
  2393 | D:4      | Reached skill level 2 in Spellcasting
  2393 | D:4      | Reached skill level 5 in Shapeshifting
  2393 | D:4      | Reached XP level 6. HP: 23/47 MP: 7/9
  2447 | D:4      | Gained mutation: You sometimes lose your temper in combat.
                  | [potion of mutation]
  2447 | D:4      | Gained mutation: Your muscles are strong. (Str +4, Int/Dex
                  | -1) [potion of mutation]
  2447 | D:4      | Gained mutation: Your muscles are very strong. (Str +8,
                  | Int/Dex -2) [potion of mutation]
  2447 | D:4      | HP: 3/38 [scorpion (4)]
  2448 | D:4      | Succumbed to a scorpion's poison

Vanquished Creatures
  A water moccasin (D:4)
  An ogre (D:4)
  4 crimson imps (D:4)
  A hound (D:4)
  Ijyb (D:3)
  An orc wizard (D:4)
  2 adders (D:4)
  4 orcs (D:3)
  5 bats
  4 endoplasms
  2 giant cockroaches
  3 hobgoblins (D:3)
  6 jackals
  A quokka (D:1)
  5 ball pythons
  A frilled lizard (D:2)
  7 kobolds
  7 rats
56 creatures vanquished.

Vanquished Creatures (others)
  3 jellies (D:4)
  2 adders (D:4)
  An orc (D:3)
  2 ball pythons
  2 endoplasms (D:4)
  A hobgoblin (D:4)
  A jackal (D:3)
12 creatures vanquished.

Grand Total: 68 creatures vanquished

Table legend: (Time is in decaauts)
 A = Elapsed time spent in this place.
 B = Non-inter-level travel time spent in this place.
 C = Inter-level travel time spent in this place.
 D = Time resting spent in this place.
 E = Time spent auto-exploring this place.
 F = Levels seen in this place.
 G = Mean time per level.
                   A        B        C        D        E       F      G
               +--------+--------+--------+--------+--------+-----+--------+
         Total |   2441 |   2392 |     49 |     56 |   1865 |   4 |  610.2 |
       Dungeon |   2441 |   2392 |     49 |     56 |   1865 |   4 |  610.2 |
               +--------+--------+--------+--------+--------+-----+--------+

Top non-repeatable levels by time:
     D:3: 1068 daAuts
     D:1: 700 daAuts
     D:2: 495 daAuts
     D:4: 177 daAuts

Table legend:
 A = Non-vault XP
 B = Vault XP
 C = Vault XP percentage of total XP
 D = Non-vault monster count
 E = Vault monster count
 F = Vault count percentage of total count
                 A         B        C        D         E       F
            +---------+---------+-------+---------+---------+-------
      Total |     195 |     383 |  66.3 |      49 |       8 |  14.0
            +---------+---------+-------+---------+---------+-------
        D:1 |      18 |       0 |   0.0 |      12 |       0 |   0.0
        D:2 |      14 |       0 |   0.0 |      10 |       0 |   0.0
        D:3 |      37 |      35 |  48.6 |      20 |       1 |   4.8
        D:4 |     126 |     348 |  73.4 |       7 |       7 |  50.0
            +---------+---------+-------+---------+---------+-------
